[Event "Ramat Gan Masters-A Winter 2023"]
[Site "Ramat Gan/ISR"]
[Date "2023.01.17"]
[Round "1.1"]
[White "Sobel, Ido"]
[Black "Karp, Ilya"]
[Result "0-1"]
[Annotator "TA"]
[ECO "B23"]
[WhiteElo "1871"]
[BlackElo "2392"]
[PlyCount "68"]
[EventDate "2023.01.17"]
[EventType "swiss"]
[SourceTitle "playchess.com"]
[Source "ChessBase"]
[SourceQuality "1"]
[TimeControl "5400+30"]

1. e4 c5 2. Nc3 Nc6 3. f4 e6 4. Nf3 d5 5. d3 Be7 6. Be2 {[%emt 0:01:38] B23: Closed Sicilian: Lines without g3.} d4 7. Nb1 {[%emt 0:00:22][%cal Bc3b1,Bb1d2,Bd2f1][%mdl 32] [#]} f5 $146 ({Predecessor:} 7... Bd7 8. O-O Nh6 9. Qe1 f6 10. Qg3 O-O 11. f5 Nf7 12. Nh4 Nb4 13. Na3 e5 {½-½ Muehlbauer,A (1193)-Brandt,M (1359) GER-ch U10 Willingen 2019 (7)}) 8. Nbd2 {[%emt 0:10:26] White is slightly better.} Nf6 9. O-O O-O 10. Qe1 (10. a4 $11) 10... Ng4 $1 $15 {[%emt 0:07:47] Strongly threatening ...Ne3.} 11. Bd1 (11. Nb3 $15) 11... Ne3 $17 12. Rf2 b6 (12... e5 $1 $17 13. Nxe5 Nxe5 14. fxe5 f4) 13. Nf1 fxe4 14. dxe4 Ng4 {[%emt 0:06:59] Black has more active pieces.} (14... Rxf4 $6 15. Nxe3 Rxe4 16. c3 $11) (14... Nxd1 $17 15. Qxd1 c4) 15. Rd2 $15 Qc7 16. g3 e5 17. f5 Nf6 18. Rg2 (18. g4 $15 {is superior.}) 18... c4 ({Black should play} 18... Nxe4 $1 $17 {...Nd6 would be deadly.} 19. Qxe4 Bxf5 20. Qd5+ Kh8) 19. c3 (19. g4 $11) 19... Kh8 ({Better is} 19... Bb7 $15) 20. g4 Bc5 21. Kh1 $1 Bb7 22. Bg5 dxc3 (22... Rad8 $5 ) 23. bxc3 Rae8 {[%emt 0:05:04][%cal Of6e4] ...Nxe4! is the strong threat.} 24. Bxf6 Rxf6 25. g5 (25. Ne3 $16) 25... Rff8 26. Qh4 (26. Qg3 $16) 26... Qe7 (26... Ne7 $11 {remains equal.}) 27. Qh5 (27. Ng3 $16) 27... Nd8 $2 {[%emt 0:02:46][%mdl 8192] [#]} (27... g6 $14 28. fxg6 Qg7) 28. Nh4 $1 $18 ({Weaker is} 28. g6 h6 29. Bc2 b5 $11) 28... Kg8 {[%emt 0:01:54] [#]} 29. f6 $2 ({Inferior is} 29. g6 h6 30. Ng3 Bc6 $15) (29. Be2 $1 $18 b5 30. f6 (30. g6 h6 $15)) 29... Bxe4 {[%emt 0:01:02] A strong pair of Bishops.} 30. Bc2 $2 (30. Bf3 $14 Bxf3 31. Nxf3) 30... Bxg2+ $19 31. Kxg2 gxf6 32. g6 hxg6 (32... Qb7+ $19 {is more deadly.} 33. Kg3 e4) 33. Bxg6 $2 {[%emt 0:00:34][%mdl 8192] [#]} (33. Nxg6 $17 {was the crucial defense.} Qb7+ 34. Kh3) 33... Ne6 $1 34. Kh3 (34. Kh1 Nf4) 34... Nf4+ {[%emt 0:04:18] An entertaining game by Karp.   Weighted Error Value: White=0.92/Black=0.44} 0-1

[Event "Ramat Gan Masters-A Winter 2023"]
[Site "Ramat Gan/ISR"]
[Date "2023.01.17"]
[Round "1.2"]
[White "Chernomordik, Pavel"]
[Black "Kochavi, Dana"]
[Result "1/2-1/2"]
[Annotator "TA"]
[ECO "B11"]
[WhiteElo "2198"]
[BlackElo "1956"]
[PlyCount "108"]
[EventDate "2023.01.17"]
[EventType "swiss"]
[SourceTitle "playchess.com"]
[Source "ChessBase"]
[SourceQuality "1"]
[TimeControl "5400+30"]

1. e4 c6 2. Nc3 d5 3. Nf3 dxe4 4. Nxe4 Nf6 5. Qe2 Nxe4 6. Qxe4 Nd7 {[%emt 0:00:08] B11: Caro-Kann: Two Knights Variation.} 7. Bc4 {[%emt 0:00:21][%cal Bf1c4,Bc4b3,Bb3c2][%mdl 32] Ng5 is the strong threat.} Nf6 {[%emt 0:00:04] [#]} 8. Ne5 $1 e6 {[%emt 0:00:06] The position is equal.} 9. Qe2 b5 10. Bb3 (10. Nxc6 Qc7 11. Bd3 (11. Bxb5 a6 $17) 11... a6 $15) 10... Qc7 11. d4 Bd6 12. O-O a5 {[%emt 0:01:29] Threatens to win with ...a4.} 13. c3 O-O 14. Re1 a4 15. Bc2 c5 {[%emt 0:00:09] [#]} 16. Bg5 $146 (16. Qxb5 cxd4 17. Bf4 a3 $19) (16. Qd3 $14 {might be stronger.} g6 17. Bh6 (17. Qxb5 cxd4 18. Qc6 Bxe5 $17)) ({Predecessor:} 16. Qd3 Rd8 17. Ng4 Nxg4 18. Qxh7+ Kf8 19. Qh8+ Ke7 20. Qxg7 Bxh2+ 21. Kf1 Ba6 22. Bg5+ {½-½ Georgiadis,N (2529)-Howell,D (2701) Bundesliga 1920 2019 (8.2)}) 16... Nd5 $11 17. Qd3 (17. Qxb5 $2 Ba6 18. Qxa4 Bd3 $19) 17... f5 18. a3 (18. Qxb5 $2 cxd4 19. Qc6 Bxe5 $19) 18... c4 19. Qd1 Bb7 20. Bd2 Rae8 21. Re2 (21. Qh5 {seems wilder.} Nf6 22. Qh4 Be4 23. Bxe4 Nxe4 24. Bf4) 21... Ne7 22. Qe1 Ng6 23. f4 Ne7 24. Re3 Nd5 25. Rh3 Nf6 26. Bd1 Ne4 27. Be3 Bxe5 (27... g6 {feels hotter.} 28. Qh4 Nf6 29. Bc2 Qg7) 28. dxe5 Rd8 29. Bd4 Nc5 30. Qh4 g6 31. Bc2 Rd7 (31... Be4 $15 {is more appropriate.} 32. Qf2 (32. Bxc5 $2 Qxc5+ 33. Kf1 Qa7 $17) 32... Rd5) 32. Qf2 {[%emt 0:00:30] White is weak on the light squares} Rc8 33. Rg3 {[%emt 0:00:39] [#]} (33. Re1 $11) 33... Be4 $1 $17 34. Re1 Bxc2 35. Qxc2 Rcd8 36. h4 {[%emt 0:03:16] [#]} (36. Rf3 $17 {is a better defense.}) 36... Nb3 ({Better is} 36... Rxd4 $1 $19 37. cxd4 Rxd4) 37. Be3 Rd3 ({Black should try} 37... Nd2 $17 38. Bd4 Rxd4 39. cxd4 Rxd4) 38. Qf2 (38. h5 $15) 38... Qf7 (38... Qe7 $17 39. h5 Qg7) 39. Bb6 (39. h5 $11) 39... R8d7 $36 {[%emt 0:02:01][%mdl 2048] White is under strong pressure.} 40. Kh2 (40. h5 $17) 40... Qe7 41. Kh3 (41. Rxd3 $17 cxd3 42. Rd1) 41... Rxg3+ (41... Rd2 $19 {and Black stays clearly on top.} 42. Qf3 R7d5) 42. Kxg3 Rd3+ 43. Re3 (43. Be3 $17 {was forced.}) 43... Nd2 {[%emt 0:00:49] ( -> ...Ne4+)} ({Weaker is} 43... Rd2 44. Re2 Rd1 45. Kh2) 44. Qe2 $2 (44. Kh2) 44... Ne4+ $19 45. Kh3 Rd2 $2 (45... Rd1 46. g3 Qb7 47. Rxe4 Rb1) 46. Rxe4 Rxe2 47. Rxe2 {[%emt 0:00:06][%mdl 4096] Endgame KQ-KRB} Qb7 48. Bd4 h6 49. Kg3 Kg7 50. Be3 Qe4 {[%emt 0:03:56][%cal Og6g5] Hoping for ...g5!} 51. Kf2 Qb7 $2 (51... g5 $19 52. hxg5 hxg5 53. fxg5 f4) 52. Rd2 (52. Kg3 $1 $11) 52... Qc8 53. Rd6 Kf7 54. Rb6 Qd7 {[%emt 0:00:18] Weighted Error Value: White=0.39/Black=0.33} 1/2-1/2

[Event "Ramat Gan Masters-A Winter 2023"]
[Site "Ramat Gan/ISR"]
[Date "2023.01.17"]
[Round "1.3"]
[White "Tashkinova, Sofiia"]
[Black "Sherman, Reem"]
[Result "1-0"]
[Annotator "TA"]
[ECO "B22"]
[WhiteElo "1928"]
[BlackElo "2249"]
[PlyCount "163"]
[EventDate "2023.01.17"]
[EventType "swiss"]
[SourceTitle "playchess.com"]
[Source "ChessBase"]
[SourceQuality "1"]
[TimeControl "5400+30"]

1. e4 c5 2. Nf3 g6 3. c3 d5 4. exd5 Qxd5 5. d4 Bg7 6. dxc5 Qxd1+ 7. Kxd1 Nf6 8. h3 {[%emt 0:04:29] B22: Sicilian: 2 c3.} Nbd7 {[%emt 0:02:30][%cal Oe8g8][%mdl 1024] Black has compensation.} 9. Bb5 {[%emt 0:04:00] [#]} (9. Bc4 $11) 9... a6 $146 ({Black should play} 9... O-O $17) ({Predecessor:} 9... O-O 10. c6 Nc5 11. Be3 Ne6 12. Nd4 Nc7 13. cxb7 Bxb7 14. Bc6 Rab8 15. Bxb7 Rxb7 {1-0 Gombos,A (2093)-Ruszin,T (2108) HUN-chT2 Szechenyi 0910 2009 (6.5)}) 10. Ba4 {[%emt 0:01:33] Black has an edge.} O-O $1 11. Be3 Nd5 12. c6 Nxe3+ 13. fxe3 Nc5 14. cxb7 Bxb7 (14... Rd8+ {with more complications.} 15. Nbd2 Bxb7 16. Bc2 a5) 15. Bc2 Rab8 16. Kc1 Bh6 17. Re1 Rfd8 18. Nbd2 f6 19. a4 (19. Bb3+ $11 Kg7 20. Kc2) 19... e5 20. a5 Nd3+ 21. Bxd3 Rxd3 22. Kc2 (22. e4 $11 {keeps the balance.}) 22... Rbd8 23. Nf1 Be4 {[%emt 0:04:39] Threatens to win with ...Rd2+.} 24. Kc1 {[%emt 0:02:26] Wards off Rd2} Kf7 (24... R3d7 $15) 25. Ra4 $11 Bc6 {[%emt 0:01:10] A strong pair of Bishops.} 26. Rh4 Kg7 (26... Bg7 $5 ) 27. Kc2 R3d5 {[%emt 0:05:22] Inhibits Nd4.} 28. Rc4 R5d6 (28... Bb5 $11 29. Rc7+ R8d7 30. Rxd7+ Bxd7) 29. N1d2 $14 f5 {[%emt 0:01:13] Repels Ne4} (29... Kh8 $14) 30. g4 $16 (30. Rxc6 Rxc6 31. Nxe5 Re6 $15) 30... Kf6 31. Rc5 (31. Rb4 $16) 31... Bg7 {[%emt 0:03:55] [#]} (31... Ba8 $14) 32. Re2 ({White should try} 32. g5+ $1 $16 Kf7 33. e4) 32... h6 $2 {[%emt 0:04:48][%mdl 8192] This costs Black the game.} (32... Rc8 $1 $11 {and Black has nothing to worry.} 33. gxf5 (33. Rxe5 $2 Rxd2+ {[%mdl 64] Remove Defender} 34. Rxd2 Bxf3 $19) 33... gxf5) 33. Nxe5 $18 (33. Rxe5 fxg4 34. hxg4 Rxd2+ 35. Rxd2 Bxf3 $11) 33... Be8 34. Nef3 Bf8 {[%emt 0:00:44][%cal Od6d2] aiming for ...Rxd2+!} 35. Nd4 Rxd4 36. exd4 Bxc5 37. dxc5 fxg4 {[%emt 0:00:23][%mdl 4096] Endgame KRB-KRN} 38. Ne4+ (38. hxg4 Bd7 39. Ne4+ Kg7 $18) 38... Kg7 39. hxg4 Bb5 40. Rd2 Rf8 41. g5 Bc6 42. gxh6+ Kxh6 43. Rh2+ Kg7 44. Nd6 g5 45. b4 {[%emt 0:00:46] c4 is the strong threat.} Rf3 $2 (45... Kg6 46. Nc4 Re8) 46. Nc4 (46. c4 $142) 46... Be4+ 47. Kb2 Bd5 48. Ne5 Re3 49. Ng4 Rg3 (49... Re6 {is a better defense.} 50. Rf2 Bh1) 50. Rd2 $1 Be6 51. Ne5 Kf6 52. Nd7+ Ke7 53. c6 Rh3 54. Nc5 {[%emt 0:00:13] Strongly threatening Nxe6.} Bc8 {[%emt 0:00:33] [#]} 55. b5 $1 axb5 (55... Rh6 56. bxa6) 56. a6 Rh8 57. Nb7 {[%emt 0:00:49] And now a7 would win.} Be6 58. c7 (58. Nd8 $142 Rxd8 59. Rxd8 Kxd8 60. a7) 58... Ra8 59. Nc5 {[%emt 0:00:32] White wants to mate with Nxe6.} Bc8 60. Rd8 g4 61. Ne4 {[%emt 0:00:34] White threatens Nd6 and mate.} Ke6 (61... Rxa6 $142 62. Rxc8 Rc6) 62. Ng3 (62. Nd6 $142 Rxa6 63. Nxc8) 62... Ke5 (62... Rxa6 $142 63. Rxc8 Kd7) 63. Kb3 {[%emt 0:00:37] Black must now prevent Kb4.} Kf4 64. Nf1 (64. Ne2+ $142 Ke5 65. Kb4) 64... Be6+ 65. Kb4 Rxa6 66. c8=Q ({Less strong is} 66. c8=R Bxc8 67. Rxc8 Kf3 68. Rf8+ Ke2 69. Kxb5 Ra1 70. Ng3+ Ke3 $18) ({Much less strong is} 66. Kxb5 Ra7 67. Rf8+ (67. c8=N Rc7 $11) 67... Ke5 $18) 66... Bxc8 67. Rxc8 {[%emt 0:00:02] KRN-KR} Ra1 {[%emt 0:00:46] [#]} (67... Rf6 $142 68. Rg8 Rc6) 68. Kxb5 $1 Ke4 (68... Ke5 69. Re8+) 69. Rf8 Kd3 70. c4 Rb1+ 71. Kc5 {[%emt 0:00:06] Rf4 would be deadly.} Rb3 72. Rf4 {[%emt 0:00:38] White mates.} Ke2 {[%emt 0:00:27] [#]} 73. Rxg4 $1 Kxf1 {[%emt 0:00:04] KR-KR} (73... Ra3 74. Rf4) 74. Kc6 Ke2 75. c5 Kf3 76. Ra4 Rb1 77. Kc7 Rc1 78. c6 Rc2 79. Kb7 Rb2+ 80. Kc8 Rc2 81. c7 Ke3 82. Rb4 {[%emt 0:05:09] Weighted Error Value: White=0.22 (precise) /Black=0.39} 1-0

[Event "Ramat Gan Masters-A Winter 2023"]
[Site "Ramat Gan/ISR"]
[Date "2023.01.17"]
[Round "1.4"]
[White "Noy, Eyal"]
[Black "Hasson Shreger, Shalev"]
[Result "0-1"]
[Annotator "TA"]
[ECO "A58"]
[WhiteElo "2117"]
[BlackElo "1823"]
[PlyCount "148"]
[EventDate "2023.01.17"]
[EventType "swiss"]
[SourceTitle "playchess.com"]
[Source "ChessBase"]
[SourceQuality "1"]
[TimeControl "5400+30"]

1. d4 Nf6 2. c4 g6 3. Nf3 Bg7 4. g3 O-O 5. Bg2 c5 6. d5 d6 7. O-O b5 8. cxb5 a6 9. Nc3 axb5 10. Nxb5 Ba6 11. Nc3 Nbd7 12. h3 (12. Qc2 $14) 12... Qb6 {[%emt 0:01:37] A58: Benko/Volga Gambit: Lines with 5 bxa6.} 13. Qc2 Rfb8 14. Rd1 Ne8 {[%emt 0:01:58] The position is equal.} 15. e4 Nc7 {[%emt 0:01:11] [#]} 16. Rb1 $146 (16. b3 $11 {remains equal.}) ({Predecessor:} 16. Nd2 Ne5 17. Bf1 Bxf1 18. Rxf1 Nb5 19. f4 Nd7 20. Nc4 Qa6 21. Nxb5 Qxb5 22. Rf3 Nb6 23. Na3 {0-1 Friscic,M (1668)-Novosel,L (2255) CRO-ch U17/19 2022 (9)}) 16... Nb5 ({Black should play} 16... Bxc3 $1 $17 17. Qxc3 Be2) 17. Nxb5 $1 $14 Qxb5 18. b3 {[%emt 0:01:43] Repels Qc4} c4 19. Nd4 (19. Be3 $16) 19... Bxd4 20. Rxd4 Qc5 21. Qd1 (21. Be3 $1 $14 cxb3 22. Qd2) 21... c3 $17 {[%emt 0:00:00] White must now prevent ...c2.} 22. Ra1 {[%emt 0:00:21] [#]} Be2 $1 {[%emt 0:00:00][%mdl 64] Deflection} 23. Qxe2 Qxd4 24. Be3 Qb4 {[%emt 0:00:00] Black is more active.} 25. Qc2 (25. Rc1 $142) 25... Rc8 (25... Nc5 $17 {[%cal Rc5b3] ...Nxb3! would be deadly.} 26. Rc1 Qa5) 26. Bf1 $1 $11 Ne5 27. Kg2 Qa3 28. Bc1 {[%emt 0:07:42] Repels Qb2} Qa5 29. a4 {[%emt 0:02:24] [#]} f5 30. Ba3 $2 (30. Bf4 $14 {stays ahead.}) 30... fxe4 $17 31. Qxe4 {[%emt 0:03:16] [#]} c2 (31... Rab8 $1 $17 32. Bc4 Re8) 32. Bb4 $11 Qc7 (32... c1=Q 33. Rxc1 Qa7 34. Rxc8+ Rxc8 35. a5 $16) (32... Qb6 $11 33. Rc1 Nf3) 33. Rc1 $14 {[%emt 0:00:39][%mdl 1024] White has compensation.} Rab8 (33... Kf8 $11) 34. f4 (34. Ba6 $16) 34... Nd7 $36 {[%emt 0:00:00][%mdl 2048] Black is pushing.} 35. Bb5 (35. Ba6 $5 Nf6 36. Qe6+ Kf8 37. Bd2 $11 (37. Bxd6 Qxd6 38. Bxc8 Qc5 $11)) 35... Nf6 36. Qe6+ Kf8 {[%emt 0:00:00] aiming for ...Qb7.} 37. Bd2 Qc5 {[%emt 0:00:00] And now ...Qd4 would win.} (37... Rxb5 $5 38. axb5 Qb7 $11) 38. Bc4 {[%emt 0:00:19] Threatens to win with f5. A strong pair of Bishops.} Qd4 {[%emt 0:00:00] Some like it hot} 39. Rxc2 {[%emt 0:01:40][%mdl 8192] [#] White is now going downhill.} (39. Be3 $11 Qd1 40. f5) 39... Rxc4 $1 $19 40. bxc4 Qd3 41. Ra2 Qb1 (41... Qxc4 $142 42. Ra1 Rb2) 42. Ra3 {[%emt 0:01:12] [#] Re3 is the strong threat.} Rb2 $1 ({And not} 42... Ne4 43. Re3 Nxd2 44. Qxe7+ (44. Re1 Qb7 $11) 44... Kg8 45. Qe6+ Kh8 46. Qf6+ Kg8 47. Qe6+ (47. Qxd6 Qf1+ 48. Kh2 Qf2+ 49. Kh1 Rb1+) 47... Kg7 48. Qe7+ (48. Re1 Qb2 $11) 48... Kh8 49. Qf6+ Kg8 50. Qe6+ $11 (50. Qxd6 Qf1+ 51. Kh2 Qf2+ 52. Kh1 Rb1+)) 43. Qe3 (43. Re3 $142 Rxd2+ 44. Re2 Rxe2+ 45. Qxe2) 43... Ne4 44. Rd3 {[%emt 0:00:18] [#]} Qxd3 $3 {[%emt 0:00:00][%mdl 576] Remove Defender} 45. Qxd3 Rxd2+ ({Don't take} 45... Nxd2 46. Kg1 $18) 46. Qxd2 Nxd2 {[%emt 0:00:00][%mdl 4096] Endgame KN-KP} 47. a5 (47. c5 $142 dxc5 48. a5) 47... Nxc4 48. a6 Ne3+ 49. Kf3 Nxd5 50. g4 Ke8 51. h4 Kd7 52. a7 Nc7 53. Ke4 Kc6 54. f5 gxf5+ 55. Kxf5 {[%emt 0:00:10] KN-K3P} e6+ 56. Kf6 e5 {[%emt 0:00:17] ( -> ...e4)} 57. h5 e4 {[%emt 0:00:31] Black mates.} 58. g5 e3 59. g6 hxg6 60. hxg6 {[%emt 0:00:11] KN-KPP} e2 61. g7 e1=Q 62. g8=Q Qe5+ 63. Kf7 Qe6+ 64. Kf8 Qf6+ 65. Qf7 Ne6+ 66. Kg8 Qd8+ 67. Kh7 Ng5+ 68. Kg7 Nxf7 69. Kxf7 d5 70. Ke6 d4 71. Kf5 d3 72. Ke4 d2 73. Ke5 d1=Q 74. Ke6 Q1d5# {[%emt 0:00:09] Weighted Error Value: White=1.02/Black=0.46} 0-1

[Event "Ramat Gan Masters-A Winter 2023"]
[Site "Ramat Gan/ISR"]
[Date "2023.01.17"]
[Round "1.5"]
[White "Medovoy, Yaniv"]
[Black "Gershkowich, David"]
[Result "0-1"]
[Annotator "TA"]
[ECO "B34"]
[WhiteElo "1842"]
[BlackElo "2188"]
[PlyCount "86"]
[EventDate "2023.01.17"]
[EventType "swiss"]
[SourceTitle "playchess.com"]
[Source "ChessBase"]
[SourceQuality "1"]
[TimeControl "5400+30"]

1. e4 c5 2. Nc3 g6 3. d4 Bg7 4. Nf3 cxd4 5. Nxd4 Nc6 6. Nb3 Nf6 7. Be3 O-O 8. f3 a5 {[%emt 0:00:54] B34: Sicilian: Accelerated Dragon with 5 Nc3: sidelines.} 9. Be2 (9. a3 $11) 9... a4 $15 10. Nd4 {[%emt 0:01:11] [#]} a3 $146 {[%emt 0:02:37] Black is better.} ({Predecessor:} 10... Qb6 11. Nxc6 Qxc6 12. O-O a3 13. Bb5 Qc7 14. Qd2 axb2 15. Rab1 d6 16. Bd4 Be6 17. Rxb2 {½-½ Varga,C-Kovacs,T Sarospatak op-A 1995 (8)}) 11. b3 Qa5 ({Black should try} 11... d5 $1 $15 12. Nxc6 bxc6) 12. Qd2 $11 d5 {[%emt 0:03:09] Strongly threatening ...dxe4.} 13. exd5 Nxd5 14. Nxd5 Nxd4 15. Bxd4 Bxd4 16. c3 {[%emt 0:09:30] [#]} (16. Rd1 $11 Qxd2+ 17. Rxd2) 16... Bg7 $1 $17 17. b4 Qd8 18. Rd1 {[%emt 0:00:14][%cal Od5f6] [#]} e6 $1 19. Ne3 Qxd2+ (19... Qf6 $17 20. Nc4 b5) 20. Kxd2 $15 Bh6 (20... Bd7 $1 $15 21. b5 Rac8) 21. Bc4 (21. Bb5 $11) 21... Bd7 $17 22. Ke2 Ba4 {[%emt 0:00:59] ...Bxe3 would be deadly. A strong pair of Bishops.} 23. Rd3 Rfc8 24. Bb3 $1 Bxb3 25. axb3 Bg7 26. Nc4 a2 27. Nb6 Bxc3 ({Resist} 27... a1=B 28. Nxc8 Bgxc3 29. Nd6 $16) 28. Rxc3 Rxc3 29. Nxa8 $11 {[%emt 0:00:08][%mdl 4096] Endgame KRN-KR} Rc2+ 30. Kd3 ({Better is} 30. Ke3 $1 $15) 30... Rxg2 $17 31. Kc4 $2 {[%emt 0:01:52][%mdl 8192] [#] Now White is beyond hope.} (31. Ra1 $17) 31... Rxh2 $3 $19 {[%emt 0:01:35][%mdl 576] Deflection, Promotion} 32. Ra1 h5 33. b5 h4 34. Kc5 h3 35. Kb6 Rb2 36. Kxb7 h2 {[%emt 0:00:11] aiming for ...Rb1.} 37. b6 Rb1 38. Kc8 Rxa1 {[%emt 0:01:23] Black mates.} (38... h1=R $2 {too greedy.} 39. Rxa2 Rxb3 40. b7 $19) 39. b7 Rc1+ 40. Kd7 a1=Q 41. b8=Q+ Kg7 42. Qxh2 Rd1+ 43. Kc7 Qa7+ {[%emt 0:00:23] Artfully played by Gershkowich.   Weighted Error Value: White=1.05/Black=0.07 (flawless)} 0-1

[Event "Ramat Gan Masters-A Winter 2023"]
[Site "Ramat Gan/ISR"]
[Date "2023.01.17"]
[Round "1.6"]
[White "Uritsky, Yonathan"]
[Black "Shapira, Avner"]
[Result "1-0"]
[Annotator "TA"]
[ECO "B52"]
[WhiteElo "2047"]
[BlackElo "1814"]
[PlyCount "77"]
[EventDate "2023.01.17"]
[EventType "swiss"]
[SourceTitle "playchess.com"]
[Source "ChessBase"]
[SourceQuality "1"]
[TimeControl "5400+30"]

1. e4 c5 2. Nf3 d6 3. Bb5+ Bd7 4. Bxd7+ Qxd7 5. c4 Nc6 6. d4 cxd4 7. Nxd4 Nf6 8. Nc3 e6 9. O-O Be7 10. b3 a6 11. Bb2 O-O 12. Rc1 {[%emt 0:04:11] B52: Sicilian: Moscow Variation with 3...Bd7.} Rfd8 13. Re1 {[%emt 0:03:22] [#]} Bf8 $146 (13... Nxd4 $11 14. Qxd4 b5) ({Predecessor:} 13... Nxd4 14. Qxd4 Ne8 15. Na4 Bf6 16. Qd2 Qc6 17. Bc3 Bxc3 18. Rxc3 Rac8 19. f3 h6 20. Rec1 Nf6 {½-½ Burnett,R (2344)-Bregadze,L (2428) Saint Louis IM 2014 (5)}) 14. Qd2 ({White should play} 14. Na4 $14) 14... b6 (14... Nxd4 $11 15. Qxd4 b5) 15. Na4 $1 $14 Rab8 16. Re3 {[%emt 0:01:49] White is much more active.} (16. Nxc6 $14 Qxc6 17. Bxf6 gxf6 18. Nb2) 16... Ne5 $11 17. Nc3 b5 18. cxb5 axb5 19. h3 Ng6 20. Rd1 b4 21. Nce2 e5 22. Nc2 (22. Nf3 $17 {keeps fighting.}) 22... Qb7 $1 $19 ({Worse is} 22... d5 23. exd5 Bc5 24. Rf3 $17 (24. Rxe5 $2 Nxe5 25. Ne3 Re8 $19)) 23. Ng3 d5 $1 24. Qe1 Bc5 25. Red3 Nf4 ({Don't play} 25... Nxe4 26. Nxe4 Be7 27. Ng3 $16) 26. R3d2 d4 ({But not} 26... Nxe4 27. Nxe4 d4 28. f3 $16 (28. Nxc5 $2 Qxg2#)) 27. Kh2 Qa8 28. f3 (28. Ra1 $17 {was called for.}) 28... Qxa2 29. Nxd4 exd4 30. Bxd4 {[%emt 0:00:01] [#]} Qa5 (30... Qxd2 $1 $19 31. Qxd2 Ne6) 31. Bxc5 $18 Rxd2 32. Qxd2 Qxc5 33. Qxf4 Rc8 (33... Re8 $142 34. Qd6 Qxd6 35. Rxd6 Rb8) 34. Nf5 g6 $2 (34... Ra8 35. e5 Nh5) 35. Nd6 {[%emt 0:00:55][%mdl 64] Discovered Attack} Kg7 36. e5 Nh5 37. Qxf7+ {[%emt 0:00:09] White mates.} Kh6 38. Qe7 Rc7 {[%emt 0:01:47] [#]} 39. Nf5+ $1 {[%emt 0:00:11][%mdl 512] Weighted Error Value: White=0.21 (precise) /Black=0.46} 1-0

[Event "Ramat Gan Masters-A Winter 2023"]
[Site "Ramat Gan/ISR"]
[Date "2023.01.17"]
[Round "1.7"]
[White "Soybert, Ori"]
[Black "Rozen, Guy"]
[Result "1-0"]
[Annotator "TA"]
[ECO "B12"]
[WhiteElo "1736"]
[BlackElo "2027"]
[PlyCount "91"]
[EventDate "2023.01.17"]
[EventType "swiss"]
[SourceTitle "playchess.com"]
[Source "ChessBase"]
[SourceQuality "1"]
[TimeControl "5400+30"]

1. e4 c6 2. d4 d5 3. e5 Bf5 4. g4 Be4 5. f3 Bg6 6. e6 {[%emt 0:00:15] B12: Caro-Kann: Advance Variation.} Qd6 7. exf7+ Bxf7 8. f4 {[%emt 0:00:25] The position is equal. 8.Nc3 is more advanced technology.} Nf6 9. Nc3 Nbd7 (9... Qe6+ 10. Be2 $14) 10. Nh3 O-O-O {[%emt 0:28:29] [#]} (10... Qe6+ 11. Be2 $14) 11. Ng5 $146 ({Predecessor:} 11. Be2 e6 12. Be3 Bg6 13. Qd2 Ne4 14. Nxe4 Bxe4 15. Rg1 Be7 16. O-O-O Rdf8 17. Qa5 {½-½ Fuentes,L-Tristan,M ESP corr Spain 1992}) 11... Bg8 12. h3 h5 13. gxh5 (13. Rg1 $11) 13... Nxh5 $17 14. Qf3 {[%emt 0:02:09] [#]} e5 $2 15. fxe5 $16 {[%emt 0:01:19] White is more active.} Nxe5 16. dxe5 $18 Qxe5+ 17. Be2 Be7 18. Rg1 Bc5 (18... d4 $16) 19. Qg4+ Kb8 {[%emt 0:00:48] [#]} 20. Rf1 (20. Nf3 Qd6 $16) 20... d4 (20... Bd6 $142 21. Bd2 d4) 21. Rf5 Qe7 22. Nce4 Bb4+ 23. c3 dxc3 24. Bf4+ ({Don't do} 24. Nxc3 $6 Re8 $16) 24... Ka8 25. bxc3 Nf6 26. Qf3 Bd5 (26... Rd5 $16 {was worth a try.} 27. Rxd5 Bxd5) 27. Re5 Qf8 {[%emt 0:00:44] This move loses the game for Black.} (27... Nxe4 $16 {is a better chance.} 28. Nxe4 (28. Rxe7 Nxc3 29. Qe3 Nxe2+ 30. Kxe2 Bxe7 $16) 28... Qh4+ 29. Bg3 Bxe4 30. Bxh4 (30. Rxe4 Bxc3+ {[%mdl 64] Double Attack} 31. Kf2 Bd4+ 32. Ke1 Bc3+ 33. Kf2 Bd4+ 34. Ke1 Qxh3 $11 {[%mdl 64] Decoy}) 30... Bxf3 31. cxb4 Rxh4) 28. cxb4 Qxb4+ 29. Qc3 Qa4 30. Bd1 Qa6 31. Rb1 Rhe8 32. Be2 b5 33. Nc5 Qc8 34. Nd3 Bc4 35. Rd1 Nd5 36. Qc1 Rf8 37. Ne6 Rh8 38. Nxd8 Qxd8 39. Bg5 Qd6 40. h4 Bxd3 41. Rxd3 Qxe5 42. Qxc6+ Kb8 43. Qxb5+ Kc7 44. Qxd5 (44. Qc5+ $142 Kb7 45. Rb3+ Nb6 46. Qxe5 Rf8 47. Qe7+ Ka8 48. Qxf8+ Kb7 49. Bf3+ Ka6 50. Qa3+ {[%mdl 64] Skewer} Na4 51. Qxa4#) 44... Qa1+ 45. Kf2 Rf8+ 46. Kg2 {[%emt 0:00:07] A cool game by Soybert.   Weighted Error Value: White=0.22 (precise) /Black=0.42} 1-0